 Dungeon Crawl Stone Soup version 0.31-a0-963-ga325b2283a (webtiles) character file.

Game seed: 3518818229228795392

72 Spaninq the Magician (level 4, 0/32 HPs)
             Began as a Gnoll Hedge Wizard on Oct 25, 2023.
             Killed by divine providence
             ... invoked by an orc priest
              (12 damage)
             ... on level 2 of the Dungeon.
             The game lasted 00:05:58 (2777 turns).

Spaninq the Magician (Gnoll Hedge Wizard)           Turns: 2777, Time: 00:05:58

Health: 0/32       AC:  3    Str: 10    XL:     4   Next: 26%
Magic:  13/13      EV: 13    Int: 15    God:
Gold:   113        SH:  0    Dex: 11    Spells: 10/17 levels left

rFire   . . .        j - +0 quarterstaff
rCold   . . .        (shield currently unavailable)
rNeg    . . .        b - +0 robe
rPois   .            e - +1 hat
rElec   .            (no cloak)
rCorr   .            (no gloves)
SInv    .            (no boots)
Will    .....        (no amulet)
Stlth   ++           (no ring)
HPRegen 0.25/turn    (no ring)
MPRegen 0.13/turn

%: no passive effects
@: no status effects
A: fangs 1, strong nose, distributed training
a: no special abilities


You were on level 2 of the Dungeon.
You visited 1 branch of the dungeon, and saw 3 of its levels.

You collected 113 gold pieces.

Inventory:

Hand Weapons
 j - a +0 quarterstaff (weapon)
Armour
 b - a +0 robe (worn)
 e - a +1 hat (worn)
Scrolls
 c - 3 scrolls of noise {unknown}
 f - a scroll of blinking {unknown}
 g - a scroll of teleportation {unknown}
 k - a scroll of poison {unknown}
 l - a scroll of brand weapon {unknown}
Potions
 a - a potion of mutation {unknown}
 d - a potion of magic
 h - a potion of curing {unknown}
 i - a potion of lignification {unknown}


   Skills:
 + Level 1.1 Fighting
 + Level 1.1 Short Blades
 + Level 1.1 Long Blades
 + Level 1.1 Axes
 + Level 1.1 Maces & Flails
 + Level 1.1 Polearms
 + Level 1.1 Staves
 + Level 1.1 Ranged Weapons
 + Level 1.1 Throwing
 + Level 1.1 Armour
 + Level 4.6 Dodging
 + Level 4.2 Stealth
 + Level 1.1 Shields
 + Level 1.1 Unarmed Combat
 + Level 7.2 Spellcasting
 + Level 2.2 Conjurations
 + Level 0.8 Hexes
 + Level 2.2 Summonings
 + Level 0.8 Necromancy
 + Level 2.2 Translocations
 + Level 0.8 Transmutations
 + Level 0.8 Fire Magic
 + Level 0.8 Ice Magic
 + Level 0.8 Air Magic
 + Level 0.8 Earth Magic
 + Level 0.8 Poison Magic
 + Level 1.2 Invocations
 + Level 1.1 Evocations
 + Level 1.0 Shapeshifting


You had 10 spell levels left.
You knew the following spells:

 Your Spells              Type           Power      Damage    Failure   Level
a - Magic Dart            Conj           48%        1d5       5%          1
b - Blink                 Tloc           24%        N/A       8%          2
c - Slow                  Hex            32%        N/A       9%          1
d - Mephitic Cloud        Conj/Pois/Air  9%         N/A       22%         3

Your spell library contained the following spells:

 Spells                   Type           Power      Damage    Failure   Level
 Call Imp                 Summ           24%        N/A       8%          2
 Cigotuvi's Dreadful Rot  Necr/Pois/Air  16%        N/A       14%         2


Dungeon Overview and Level Annotations

Branches:
Dungeon (3/15)

Altars:
Yredelemnul

Shops:
D:1 (

Annotations:
D:2 1 runed translucent door, Crazy Yiuf


Innate Abilities, Weirdness & Mutations

You have very sharp teeth.
Your uncanny sense of smell can sniff out nearby items.
Your experience applies equally to all skills.


Message History

You barely resist.
The orc priest mumbles some strange prayers to Beogh against you.
Beogh smites you!
You see here a +0 barding.
The orc priest invokes the aid of Beogh against you.
Beogh smites you!
There is a stone staircase leading up here.
The orc barely misses you.
You climb upwards.
Level annotation: 1 runed translucent door, Crazy Yiuf
There is a stone staircase leading down here.
You hit the orc.
You kill the orc!
You start resting.
HP restored.
You climb downwards.
There is a stone staircase leading up here.
The orc priest hits you with a +0 whip.
You climb upwards.
Level annotation: 1 runed translucent door, Crazy Yiuf
There is a stone staircase leading down here.
You barely miss the orc priest.
You bite the orc priest, but do no damage.
The orc priest hits you with a +0 whip.
You hit the orc priest.
The orc priest is moderately wounded.
The orc priest calls down the wrath of Beogh upon you.
Pain shoots through your body!
You hit the orc priest but do no damage.
The orc priest is moderately wounded.
The orc priest misses you.
You closely miss the orc priest. Your bite misses the orc priest.
The orc priest is moderately wounded.
The orc priest barely misses you. x2
You closely miss the orc priest.
You bite the orc priest, but do no damage.
The orc priest is moderately wounded.
The orc priest calls down the wrath of Beogh upon you.
Beogh smites you!
You die...

...♣ #...## #.# ..## #.#.#
#.# ...###.#.# #.# ..###[.#.#
#.#### .####..#.# #....#
.).....#.# ####.#
#........### #.#
#.#####....############## #.#
#.# #..#.#....@o......# #.#
#.# #......##########.###.#
#.# #..#.### #........#
#.#####....###### #.##.##..#
#...............####.##.##..#
####.######.#...)...........#
#.### #.#<#..###.##.##.##
#...# #.#.##.###.##.##.#
###.# #.#............<.#


You could see an orc priest.

Vanquished Creatures
  2 adders
  2 worms
  2 dart slugs (D:2)
  An orc (D:2)
  4 ball pythons
  4 endoplasms
  A giant cockroach (D:3)
  5 goblins
  4 hobgoblins
  3 quokkas
  4 bats
  A frilled lizard (D:1)
  6 kobolds
  6 rats
45 creatures vanquished.

Notes
Turn   | Place    | Note
-------+----------+-------------------------------------------
     0 | D:1      | Spaninq the Gnoll Hedge Wizard began the quest for the Orb.
     0 | D:1      | Reached XP level 1. HP: 13/13 MP: 8/8
   241 | D:1      | Reached XP level 2. HP: 19/19 MP: 7/10
   337 | D:1      | Found Fonkyc's Weapon Boutique.
   470 | D:1      | Learned a level 2 spell: Blink
   472 | D:1      | Learned a level 1 spell: Slow
   792 | D:1      | Reached XP level 3. HP: 25/25 MP: 8/11
  1329 | D:2      | Reached skill level 1 in Invocations
  1539 | D:2      | Found a runed translucent door.
  1540 | D:2      | Noticed Crazy Yiuf
  1608 | D:2      | Learned a level 3 spell: Mephitic Cloud
  1725 | D:2      | Reached skill level 1 in Fighting
  1725 | D:2      | Reached skill level 1 in Short Blades
  1725 | D:2      | Reached skill level 1 in Long Blades
  1725 | D:2      | Reached skill level 1 in Axes
  1725 | D:2      | Reached skill level 1 in Maces & Flails
  1725 | D:2      | Reached skill level 1 in Polearms
  1725 | D:2      | Reached skill level 1 in Staves
  1725 | D:2      | Reached skill level 1 in Ranged Weapons
  1725 | D:2      | Reached skill level 1 in Throwing
  1725 | D:2      | Reached skill level 1 in Armour
  1725 | D:2      | Reached skill level 1 in Shields
  1725 | D:2      | Reached skill level 1 in Unarmed Combat
  1725 | D:2      | Reached skill level 1 in Evocations
  2178 | D:3      | Reached XP level 4. HP: 32/32 MP: 8/13
  2189 | D:3      | Reached skill level 1 in Shapeshifting
  2516 | D:3      | Found a basalt altar of Yredelemnul.
  2777 | D:2      | Killed from afar by an orc priest

Illustrated notes

Levels and vault maps discovered:
D:1:      ldierk_walled_garden_2, layout_loops_ring, serial_shops,
          nicolae_shop_bloodbath_and_beyond, minmay_liquid_box,
          minmay_tromino_v4_b
D:2:      layout_loops_ring, uniq_crazy_yiuf_cottage
D:3:      layout_loops_cross, mainiacjoe_overflow_tiny_flanked

Skill      XL: |  1  2  3  4 |
---------------+-------------+-----
Conjurations   | 2 |  2.2
Summonings     | 2 |  2.2
Translocations | 2 |  2.2
Invocations    | 1 |  1.2
Fighting       | 1 |  1.1
Short Blades   | 1 |  1.1
Long Blades    | 1 |  1.1
Axes           | 1 |  1.1
Maces & Flails | 1 |  1.1
Polearms       | 1 |  1.1
Staves         | 1 |  1.1
Ranged Weapons | 1 |  1.1
Throwing       | 1 |  1.1
Armour         | 1 |  1.1
Shields        | 1 |  1.1
Unarmed Combat | 1 |  1.1
Evocations     | 1 |  1.1
Shapeshifting  | 1 |  1.0
Dodging        | |  4.6
Stealth        | |  4.2
Spellcasting   | |  7.2
Hexes          | |  0.8
Necromancy     | |  0.8
Transmutations | |  0.8
Fire Magic     | |  0.8
Ice Magic      | |  0.8
Air Magic      | |  0.8
Earth Magic    | |  0.8
Poison Magic   | |  0.8

Action                     |  1- 3 |  4- 6 || total
---------------------------+-------+-------++-------
  Melee: Quarterstaff      |       |    19 ||    19
         Bite              |       |     2 ||     2
   Cast: Magic Dart        |   107 |    12 ||   119
         Slow              |     2 |       ||     2
 Armour: Robe              |     7 |    12 ||    19
  Dodge: Dodged            |     5 |    10 ||    15

Table legend: (Time is in decaauts)
 A = Elapsed time spent in this place.
 B = Non-inter-level travel time spent in this place.
 C = Inter-level travel time spent in this place.
 D = Time resting spent in this place.
 E = Time spent auto-exploring this place.
 F = Levels seen in this place.
 G = Mean time per level.
                   A        B        C        D        E       F      G
               +--------+--------+--------+--------+--------+-----+--------+
         Total |   2787 |   2725 |     62 |    249 |   2051 |   3 |  929.0 |
       Dungeon |   2787 |   2725 |     62 |    249 |   2051 |   3 |  929.0 |
               +--------+--------+--------+--------+--------+-----+--------+

Top non-repeatable levels by time:
     D:2: 1053 daAuts
     D:1: 1053 daAuts
     D:3: 680 daAuts
